 Dungeon Crawl Stone Soup version 0.28-a0-1412-gf95308ed99 (webtiles) character file.

Game seed: 1419773626210683159

14 Hasart the Caller (level 2, 0/15 HPs)
             Began as a Kobold Summoner on Jan 7, 2022.
             Slain by a goblin (12 damage)
             ... on level 1 of the Dungeon.
             The game lasted 00:01:54 (396 turns).

Hasart the Caller (Kobold Summoner)                  Turns: 396, Time: 00:01:56

Health: 0/15       AC:  2    Str:  5    XL:     2   Next: 60%
Magic:  3/5        EV: 15    Int: 16    God:
Gold:   21         SH:  0    Dex: 15    Spells: 2/5 levels left

rFire   . . .      SeeInvis .   b - +0 dagger
rCold   . . .      Faith    .   (no shield)
rNeg    . . .      Spirit   .   a - +0 robe
rPois   .          Reflect  .   (no helmet)
rElec   .          Harm     .   (no cloak)
rCorr   .          Rampage  .   (no gloves)
Will    .....                   (no boots)
Stlth   +++.......              (no amulet)
HPRegen 0.05/turn               (no ring)
MPRegen 0.09/turn               (no ring)

@: no status effects
A: small, no large weapons, nightstalker 3
a: no special abilities


You were on level 1 of the Dungeon.
You visited 1 branch of the dungeon, and saw 1 of its levels.

You collected 21 gold pieces.

Inventory:

Hand Weapons
 b - a +0 dagger (weapon)
Armour
 a - a +0 robe (worn)
Scrolls
 c - a scroll of identify {unknown}


   Skills:
 - Level 2.4 Dodging
 - Level 2.6 Stealth
 + Level 2.1 Spellcasting
 * Level 4.6 Summonings


You had 2 spell levels left.
You knew the following spells:

 Your Spells              Type           Power      Damage    Failure   Level
a - Call Imp              Summ           16%        N/A       4%          2
b - Summon Small Mammal   Summ           64%        N/A       3%          1

Your spell library contained the following spells:

 Spells                   Type           Power      Damage    Failure   Level
 Call Canine Familiar     Summ           16%        N/A       9%          3
 Summon Guardian Golem    Hex/Summ       9%         N/A       24%         3
 Summon Lightning Spire   Summ/Air       9%         N/A       61%         4


Dungeon Overview and Level Annotations

Branches:
Dungeon (1/15)

Altars:


Innate Abilities, Weirdness & Mutations

You are small and have problems with some larger weapons.
You are completely attuned to the shadows.


Message History

You kill the kobold!
You see here a +0 dagger.
c - a scroll labelled UTEGYL TYIBB You see here a +0 dagger.
Found a stone staircase leading down.
A dart slug comes into view.
A dart slug is nearby!
A quokka comes into view.
Found a ring mail.
The helpless dart slug fails to defend itself.
You puncture the dart slug!
The dart slug is almost dead.
The dart slug misses you.
You hit the dart slug but do no damage.
The dart slug is almost dead.
You hit the dart slug.
You kill the dart slug!
You see here a dart slug corpse.
The helpless quokka fails to defend itself.
You puncture the quokka!
You kill the quokka!
You now have 21 gold pieces (gained 8).
Found a dagger.
An endoplasm comes into view.
An endoplasm is nearby!
Found 11 poisoned darts.
The helpless endoplasm fails to defend itself.
You puncture the endoplasm!
You kill the endoplasm!
A goblin comes into view.
It is wielding a +1 dagger of electrocution.
Found 13 gold pieces.
The goblin shouts!
A goblin is nearby!
Casting: Summon Small Mammal (safe; 3% risk of failure)
Confirm with . or Enter, or press ? or * to list all spells.
A beastly little devil appears in a puff of flame.
The goblin hits you with a +1 dagger of electrocution.
You are electrocuted!
Ouch! That really hurt!
You die...

...... #.#
#.#.#...)...#
#.
#.#.........#
#.##........#
#.##.(###### .
#.##..# .$
#.##..#
...#####.##..#
#..5g.##.#
##.##@##.# #
#....# ######


You could see a goblin (ally target) and a friendly crimson imp (summoned).

Vanquished Creatures
  A dart slug (D:1)
  A bat (D:1)
  An endoplasm (D:1)
  A giant cockroach (D:1)
  A quokka (D:1)
  A ball python (D:1)
  A frilled lizard (D:1)
  A kobold (D:1)
  2 rats (D:1)
10 creatures vanquished.

Vanquished Creatures (collateral kills)
  A bat (D:1)
  A kobold (D:1)
2 creatures vanquished.

Grand Total: 12 creatures vanquished

Notes
Turn   | Place    | Note
-------+----------+-------------------------------------------
     0 | D:1      | Hasart the Kobold Summoner began the quest for the Orb.
     0 | D:1      | Reached XP level 1. HP: 10/10 MP: 3/3
   129 | D:1      | Reached XP level 2. HP: 15/15 MP: 5/5
   132 | D:1      | Learned a level 2 spell: Call Imp
   396 | D:1      | Slain by a goblin

Illustrated notes

Levels and vault maps discovered:
D:1:      dpeg_arrival_tiny_b, layout_rooms, st_stairs_14

Action                   || total
-------------------------++-------
Melee: Unarmed           ||    13
       Dagger            ||    25
 Cast: Summon Small Mamm ||     1
       Call Imp          ||     1
 Stab: Sleeping          ||     8
Armor: Robe              ||     5
Dodge: Dodged            ||    29

Table legend: (Time is in decaauts)
 A = Elapsed time spent in this place.
 B = Non-inter-level travel time spent in this place.
 C = Inter-level travel time spent in this place.
 D = Time resting spent in this place.
 E = Time spent auto-exploring this place.
 F = Levels seen in this place.
 G = Mean time per level.
                   A        B        C        D        E       F      G
               +--------+--------+--------+--------+--------+-----+--------+
         Total |    395 |    395 |      0 |      0 |    292 |   1 |  395.0 |
       Dungeon |    395 |    395 |      0 |      0 |    292 |   1 |  395.0 |
               +--------+--------+--------+--------+--------+-----+--------+

Top non-repeatable levels by time:
     D:1: 395 daAuts
